[Event "Warsaw Chess Open-B 2022"]
[Site "Warsaw"]
[Date "2022.07.24"]
[Round "8.2"]
[White "Arciszewska, Zuzanna"]
[Black "Kaczmarska, Joanna"]
[Result "0-1"]
[ECO "E92"]
[WhiteElo "1574"]
[BlackElo "1965"]
[Annotator "TA"]
[PlyCount "121"]
[EventDate "2022.07.18"]
[EventType "swiss"]
[EventCountry "POL"]
[SourceTitle "playchess.com"]
[Source "ChessBase"]
[SourceQuality "1"]
[TimeControl "40/5400+30:1800+30"]

1. d4 Nf6 2. Nf3 g6 3. c4 Bg7 4. Nc3 d6 5. e4 O-O 6. Be2 e5 7. d5 Na6 8. O-O Nc5 9. Qc2 a5 10. Be3 Ng4 11. Bxc5 dxc5 12. Rad1 {[%emt 0:07:27] E94: King's Indian: Classical: 6 Be2 e5 7 0-0: Various Black 7th moves.} f5 13. d6 cxd6 14. Qd3 {[%emt 0:02:29] The position is equal.} Ra6 15. Nb5 fxe4 16. Qxe4 {[%emt 0:00:48] [#]} Qe7 $146 ({Predecessor:} 16... Nf6 17. Qh4 Bf5 18. Rfe1 h6 19. Nd2 Qe7 20. Bf3 Qf7 21. b3 a4 22. Ne4 Bxe4 23. Bxe4 Nxe4 24. Rxe4 axb3 25. axb3 {0-1 (54) Schnider,G (2292)-Tratar,M (2473) Aschach 2004}) 17. h3 Bf5 18. Qd5+ Be6 19. Qd2 (19. Qd3 $5 Nh6 20. Nxd6 $15) 19... Bh6 20. Qd3 Bf5 (20... Nf6 $5 21. Nxd6 Bxh3 $1 22. gxh3 e4 23. Nxe4 Nxe4 24. Qd5+ Re6 $15) 21. Qd5+ Be6 22. Qd3 Nf6 $36 {[%emt 0:09:42][%cal Bg4f6,Bf6h5,Bh5f4][%mdl 2080] Black has the initiative.} 23. Nxd6 {[%emt 0:11:15] [#]} Bd5 24. cxd5 Rxd6 25. Qc3 e4 (25... Nxd5 $2 26. Bc4 $18) 26. Ne1 e3 $1 (26... Rxd5 $2 27. Bc4 Rfd8 28. Nc2 $18 (28. Qxa5 Kg7 $18)) 27. f3 {[%emt 0:02:07] Against Ne4} (27. f4 $1 $15) 27... Nh5 $19 (27... Rxd5 28. Bc4 Rfd8 29. Bxd5+ Nxd5 30. Qc4) (27... Nxd5 28. Qxc5 b6 29. Qc4 $15) 28. Nd3 Nf4 (28... Rxd5 29. Qb3 Nf6 30. Nc1 $17) 29. Nxf4 Bxf4 30. Qxa5 Rf5 $1 {[%emt 0:03:44] White must now prevent ...Qh4.} 31. Rc1 $2 (31. Qxc5 $6 Qg5 32. Rd4 Rc6 $3 $11 ) (31. Kh1 $17 {was worth a try.}) 31... Rg5 $2 (31... Rfxd5 32. Rxc5 Qh4 33. Rc8+ (33. Rxd5 Qg3 34. Qa8+ Kg7 35. Qxb7+ Kh6) 33... Kg7 34. Qe1 (34. Qc7+ $2 Kh6 $19) 34... Qxe1 35. Rxe1 $17) ({Better is} 31... Rdxd5 $19 32. Rc2 Rd2) 32. Qe1 (32. Rxc5 Rxg2+ 33. Kxg2 Qg5+ 34. Kh1 Qh4 35. Qa8+ (35. Rc8+ $2 Kg7 $19) 35... Rd8 36. Qxd8+ Qxd8 $17) (32. Qxc5 $11 {and White is okay.} Rf5 33. Qb4) 32... Rg3 $1 (32... Rdxd5 33. Bc4 $11) (32... Bg3 33. Qc3 $11) 33. Rc4 {[%emt 0:01:38] [#]} (33. Rxc5 Qg5 34. Rf2 exf2+ 35. Qxf2 Be3 36. Rc8+ Kg7 37. Rg8+ Kxg8) 33... Qg5 ({Black should try} 33... Qd7 $1 $19 {[%cal Od7h3] aiming for ...Qxh3!} 34. Rxf4 Qxh3 35. Qxg3 Qxg3) 34. Rxf4 $17 Qxf4 35. Kh1 $2 (35. Bd3 $17 {is tougher.}) 35... Rg5 36. Qa5 b6 37. Qa8+ {[%emt 0:01:20] [#]} Qf8 {[%emt 0:00:29] Active counter play!} (37... Kg7 $142 $1 38. Rd1 Qg3) 38. Qxf8+ (38. Qb7 {is a better defense.}) 38... Kxf8 $19 {[%emt 0:00:04][%mdl 4096] Endgame KRR-KRB} 39. Bc4 b5 40. f4 Rf5 41. g4 Rff6 ({Stronger than} 41... bxc4 42. gxf5 Rxd5 43. Re1 $15) 42. Bxb5 Rxd5 43. Kg2 Rd2+ 44. Kf3 Rxb2 45. a4 Re6 46. Re1 (46. Be2 $142) 46... Rf2+ 47. Kg3 Re4 48. Bc6 Re6 ({Worse is} 48... Rfxf4 49. Bxe4 Rxe4 50. a5 $15) ({Not} 48... Rexf4 49. Rxe3 g5 50. Re8+ Kf7 51. Re5 $19) 49. Bb5 Rd2 50. Kf3 Rb2 51. Rxe3 Rxe3+ 52. Kxe3 {[%emt 0:00:01] KR-KB} Ke7 53. h4 Rh2 54. h5 $2 (54. Ke4) 54... gxh5 55. g5 h4 56. Kf3 Rd2 {[%emt 0:01:09] ...h3 is the strong threat.} 57. f5 h3 58. Ke3 {[%emt 0:00:46] [#]} Kd6 $1 59. f6 (59. Kxd2 h2) 59... h2 60. f7 Ke7 {[%emt 0:00:23] ( -> ...Rd6)} 61. Bc6 {[%emt 0:00:56] Weighted Error Value: White=0.84/Black=0.38} 0-1

[Event "Warsaw Chess Open-B 2022"]
[Site "Warsaw"]
[Date "2022.07.24"]
[Round "8.3"]
[White "Posuniak, Weronika"]
[Black "Trybowska, Barbara"]
[Result "1/2-1/2"]
[ECO "D10"]
[WhiteElo "1895"]
[BlackElo "1828"]
[Annotator "NA RC COMBH"]
[PlyCount "78"]
[EventDate "2022.07.18"]
[EventType "swiss"]
[EventCountry "POL"]
[SourceTitle "playchess.com"]
[Source "ChessBase"]
[SourceQuality "1"]
[TimeControl "40/5400+30:1800+30"]

1. d4 d5 2. c4 c6 3. Nc3 Nf6 4. e3 a6 5. Bd3 e6 6. Nf3 Bd6 7. O-O h6 8. Qe2 Nbd7 9. Bd2 O-O 10. Bc2 Re8 11. e4 e5 12. dxe5 Nxe5 13. cxd5 cxd5 14. h3 Nxf3+ 15. Qxf3 d4 16. Nd5 Be5 17. Nxf6+ Qxf6 18. Qxf6 Bxf6 19. Bd3 Be6 20. b3 Rac8 21. Rac1 Be7 22. Rxc8 Rxc8 23. Rc1 Rxc1+ 24. Bxc1 Kf8 25. Kf1 Ke8 26. Ke2 Bc5 27. f4 b5 28. Bb2 f6 29. Bc2 Bd7 30. g4 h5 31. f5 hxg4 32. hxg4 b4 33. Bd3 Bc6 34. Kf3 a5 35. g5 Ke7 36. Bc1 Bd6 37. Bf4 Be8 38. g6 Bxf4 39. Kxf4 Kd6 1/2-1/2

[Event "Warsaw Chess Open-B 2022"]
[Site "Warsaw"]
[Date "2022.07.24"]
[Round "8.4"]
[White "Rzeszowski, Dominik"]
[Black "Masalski, Pawel"]
[Result "1-0"]
[ECO "B22"]
[WhiteElo "1856"]
[BlackElo "1550"]
[Annotator "NA COMBH"]
[PlyCount "33"]
[EventDate "2022.07.18"]
[EventType "swiss"]
[EventCountry "POL"]
[SourceTitle "playchess.com"]
[Source "ChessBase"]
[SourceQuality "1"]
[TimeControl "40/5400+30:1800+30"]

1. e4 c5 2. c3 d5 3. exd5 Qxd5 4. d4 Nf6 5. Nf3 e6 6. Na3 Nc6 7. Nb5 Qd8 8. dxc5 Bxc5 9. Qxd8+ Kxd8 10. Bf4 a6 11. Nc7 Ra7 12. O-O-O+ Bd7 13. Ng5 Rf8 14. Ncxe6+ fxe6 15. Nxe6+ Kc8 16. Nxc5 Ne4 17. Be3 1-0

[Event "Warsaw Chess Open-B 2022"]
[Site "Warsaw"]
[Date "2022.07.24"]
[Round "8.5"]
[White "Sidorczuk, Pawel"]
[Black "Seklecki, Jakub"]
[Result "1-0"]
[ECO "B33"]
[WhiteElo "1962"]
[BlackElo "1501"]
[Annotator "TA"]
[PlyCount "65"]
[EventDate "2022.07.18"]
[EventType "swiss"]
[EventCountry "POL"]
[SourceTitle "playchess.com"]
[Source "ChessBase"]
[SourceQuality "1"]
[TimeControl "40/5400+30:1800+30"]

1. e4 c5 2. Nf3 Nc6 3. d4 cxd4 4. Nxd4 e5 5. Nb5 Nf6 6. N1c3 d6 7. Bg5 a6 8. Na3 b5 9. Nd5 Be7 10. Bxf6 Bxf6 11. c4 b4 12. Nc2 a5 {[%emt 0:00:10] 12...0-0 deserves study.} 13. g3 {[%emt 0:00:51] B33: Sicilian: Pelikan and Sveshnikov Variations.} O-O 14. h4 g6 15. Bh3 {[%emt 0:06:23] The position is equal.} Bg7 (15... Be6 $11) 16. Bxc8 $14 {[%emt 0:04:36] White is more active.} Rxc8 {[%emt 0:00:12] [#]} 17. h5 $146 ({Predecessor:} 17. Qe2 Ne7 18. Nxe7+ Qxe7 19. Rd1 Rfd8 20. Ne3 Rc5 21. b3 Qb7 22. Nd5 Rf8 23. g4 {1-0 (35) Ma,Q (2475)-Saurabh,A (1762) New Delhi 2012}) 17... Qg5 18. Qd2 (18. Qd3 $16) 18... Qg4 (18... Qxd2+ $1 $11 19. Kxd2 f5) 19. Qe2 Qe6 20. Kf1 f5 21. hxg6 hxg6 (21... Qxg6 $11 {keeps the balance.} 22. Re1 Rf7) 22. exf5 (22. b3 $16) 22... Qxf5 $11 23. Rh4 Rce8 24. Re4 Qh3+ 25. Kg1 Rf7 26. Rf1 Ref8 27. Rg4 Rf3 ({Better is} 27... Qh5 $14) 28. Qe4 (28. Rxg6 $16 {Black must now prevent Qe4.} R8f5 29. Rg5 $3 ) 28... R8f5 {[%emt 0:05:54][%cal Of5h5] Threatens to win with ...Rh5!} 29. Nce3 {[%emt 0:05:00] [#] Pair of Knights!} ({Avoid the trap} 29. Rxg6 $2 {[#]} Rh5 $1 30. Nf6+ Rxf6 $19) (29. Rg5 $5) 29... Rh5 30. Rh4 {[%emt 0:00:12] [#]} Rxg3+ 31. fxg3 $18 Qxg3+ 32. Ng2 {[%emt 0:00:04] Strongly threatening Rxh5.} Rg5 {[%emt 0:04:08] [#]} 33. Ne7+ $1 {[%emt 0:00:08][%mdl 512] Weighted Error Value: White=0.23 (precise) /Black=0.81} 1-0

[Event "Warsaw Chess Open-B 2022"]
[Site "Warsaw"]
[Date "2022.07.24"]
[Round "8.6"]
[White "Seemann, Pola"]
[Black "Ryszkiewicz, Adam"]
[Result "1-0"]
[ECO "C25"]
[WhiteElo "1738"]
[BlackElo "1977"]
[Annotator "TA"]
[PlyCount "77"]
[EventDate "2022.07.18"]
[EventType "swiss"]
[EventCountry "POL"]
[SourceTitle "playchess.com"]
[Source "ChessBase"]
[SourceQuality "1"]
[TimeControl "40/5400+30:1800+30"]

1. e4 e5 2. Nc3 Nc6 3. Bc4 Bc5 4. Qg4 g6 5. Qf3 f6 (5... Nf6 $11) 6. Nge2 $16 {[%emt 0:05:27] C25: Vienna Game: Alternatives to 2...Nf6.} d6 7. d3 Nd4 8. Nxd4 {[%emt 0:00:13] White is better.} Bxd4 {[%emt 0:00:07] [#]} 9. Bd2 $146 ({Predecessor:} 9. Be3 Bxe3 10. Qxe3 c6 11. O-O Qe7 12. f4 Be6 13. fxe5 dxe5 14. Bxe6 Qxe6 15. Rf3 {0-1 (58) Georgiev,N (1560)-Ignatov,B (1806) Sofia 2017}) 9... c6 10. a4 Qe7 11. a5 a6 12. Na4 Be6 13. Bxe6 Qxe6 14. Be3 Bxe3 15. fxe3 Ne7 16. O-O O-O 17. d4 f5 {[%emt 0:07:26] Strongly threatening ...exd4.} 18. Nb6 Rad8 19. d5 cxd5 20. exd5 Qf6 21. c3 e4 22. Qg3 g5 23. Ra4 Qg6 24. Rc4 Nc8 $2 (24... Rf7 $11 {and Black is okay.}) 25. Rc7 $18 Nxb6 26. axb6 Rc8 27. Rd7 {[%emt 0:01:33] White is much more active.} Rfd8 $2 {[%emt 0:00:36] This move loses the game for Black.} (27... Rcd8 $16 28. Rxb7 Rb8 29. Rxb8 Rxb8) 28. Rxb7 Rc5 29. Ra7 {[%emt 0:01:07] [#] And now b7 would win.} Rb8 30. Rxa6 {[%emt 0:01:23][%cal Ob6b7] aiming for b7!} Rxd5 31. Rfa1 {[%emt 0:00:34] Threatens to win with Ra8.} Qh5 (31... Rb5 $142 32. Qf2 Kh8) 32. Qe1 Rb5 $2 (32... f4 33. exf4 gxf4 34. Qxe4 Rd1+ 35. Rxd1 Qxd1+ 36. Kf2 Qb3) 33. Qd2 d5 34. Qd4 {[%emt 0:03:20] [#] Hoping for Ra8.} Rxb2 35. Qxd5+ (35. Ra8 $142 Rxa8 36. Rxa8+ Kf7 37. Qxd5+ Kg7 38. Qg8+ Kh6 39. Qf8+ Kg6 40. Qd6+ Kg7 41. Ra7+ Qf7 42. Qc7) 35... Qf7 36. Qe5 Rd8 37. Ra7 Qf8 38. Qe6+ Kh8 39. Rf7 {[%emt 0:00:11] Weighted Error Value: White=0.16 (very precise) /Black=0.52} 1-0

[Event "Warsaw Chess Open-B 2022"]
[Site "Warsaw"]
[Date "2022.07.24"]
[Round "8.7"]
[White "Pawicka, Magdalena"]
[Black "Vasynda, Oleksandr"]
[Result "1/2-1/2"]
[ECO "B39"]
[WhiteElo "1781"]
[BlackElo "1802"]
[Annotator "NA COMBH"]
[PlyCount "36"]
[EventDate "2022.07.18"]
[EventType "swiss"]
[EventCountry "POL"]
[SourceTitle "playchess.com"]
[Source "ChessBase"]
[SourceQuality "1"]
[TimeControl "40/5400+30:1800+30"]

1. e4 c5 2. Nf3 Nc6 3. d4 cxd4 4. Nxd4 g6 5. c4 Bg7 6. Be3 Nf6 7. Nc3 Ng4 8. Qxg4 Nxd4 9. Qd1 Nc6 10. Be2 d6 11. O-O O-O 12. Qd2 Qa5 13. Rac1 Rd8 14. Rfd1 Be6 15. b3 Rac8 16. Nb5 Qxd2 17. Rxd2 b6 18. h3 Rd7 1/2-1/2

[Event "Warsaw Chess Open-B 2022"]
[Site "Warsaw"]
[Date "2022.07.24"]
[Round "8.8"]
[White "Smykalo, Severyn"]
[Black "Nesterenko, Kyrylo"]
[Result "1-0"]
[ECO "A66"]
[WhiteElo "1921"]
[BlackElo "1782"]
[Annotator "TA"]
[PlyCount "41"]
[EventDate "2022.07.18"]
[EventType "swiss"]
[EventCountry "POL"]
[SourceTitle "playchess.com"]
[Source "ChessBase"]
[SourceQuality "1"]
[TimeControl "40/5400+30:1800+30"]

1. d4 Nf6 2. c4 c5 3. d5 e6 4. Nc3 exd5 5. cxd5 d6 6. e4 g6 7. f4 Bg7 8. e5 Nh5 9. Bb5+ Bd7 10. Nf3 {[%emt 0:02:11][%cal Bg1f3,Bf3g5,Bg5e4][%mdl 32] A67: Modern Benoni: Taimanov Variation.} O-O 11. Bxd7 Nxd7 (11... Qxd7 $14 12. O-O Re8) 12. g4 $16 {[%emt 0:12:41][%cal Bg2g4,Bg4h5][%mdl 32] White is better.} dxe5 13. gxh5 {[%emt 0:02:07] And now 0-0 would win.} e4 {[%emt 0:01:12] [#]} (13... exf4 $16 14. hxg6 (14. Bxf4 Qf6 $14) 14... fxg6) 14. Ng5 $1 $18 ({Weaker is} 14. Nxe4 Re8 15. Qe2 f5 $11) 14... h6 15. Ngxe4 {[%emt 0:04:07] [#] 0-0 is the strong threat.} Re8 $146 (15... Bxc3+ $142 16. Nxc3 Qh4+ 17. Kd2 Qf2+ 18. Qe2 Qxf4+ 19. Kc2 Qf5+ 20. Qd3 Qxh5) ({Predecessor:} 15... Qh4+ 16. Ng3 Rae8+ 17. Kf2 Qh3 18. Be3 Nf6 19. Bxc5 Ng4+ 20. Kf3 f5 21. Qf1 Nxh2+ 22. Rxh2 Qxh2 23. Bxf8 Bxf8 {0-1 (55) Pradines,E (1693)-Miravent,P (2027) Buenos Aires 2018}) 16. O-O Qh4 17. hxg6 fxg6 18. Qf3 Nf6 19. Nxf6+ Bxf6 20. Bd2 Re3 (20... Rad8 $142 21. Kh1 Qh5 22. Qxh5 gxh5) 21. Bxe3 {[%emt 0:00:13] Black got outplayed after the opening.  Weighted Error Value: White=0.07 (flawless) /Black=0.53} 1-0

[Event "Warsaw Chess Open-B 2022"]
[Site "Warsaw"]
[Date "2022.07.25"]
[Round "9.1"]
[White "Kaczmarska, Joanna"]
[Black "Kaminski, Jan"]
[Result "1-0"]
[ECO "B98"]
[WhiteElo "1965"]
[BlackElo "1870"]
[Annotator "TA"]
[PlyCount "73"]
[EventDate "2022.07.18"]
[EventType "swiss"]
[EventCountry "POL"]
[SourceTitle "playchess.com"]
[Source "ChessBase"]
[SourceQuality "1"]
[TimeControl "40/5400+30:1800+30"]

1. e4 {[%emt 0:01:03] Pelletier,Y} c5 2. Nf3 d6 3. d4 cxd4 4. Nxd4 Nf6 5. Nc3 a6 6. Bg5 e6 7. f4 Be7 8. Qf3 Qc7 9. g4 Nbd7 10. O-O-O b5 11. Bxf6 Nxf6 12. g5 Nd7 13. Nf5 {[%emt 0:06:40] B99: Sicilian Najdorf: 6 Bg5 e6 7 f4 Be7 8 Qf3 Qc7 9 0-0-0 Nbd7.} exf5 $17 14. Nd5 {[%emt 0:02:35] [#]} Qc6 $146 (14... Qd8 $17 {Hoping for ...Nb6.} 15. exf5 Bb7) ({Predecessor:} 14... Qb7 15. Qc3 Nb6 16. Nxe7 Kxe7 17. Qxg7 Be6 18. exf5 Bd5 19. Bh3 Rae8 20. Rd3 Kd8 {½-½ (47) Sulskis,S (2545)-Pelletier,Y (2610) Warsaw 2005 CBM 108 [Pelletier,Y]}) 15. exf5 $18 {[%emt 0:27:15][%cal Od5f6] White is clearly better.} Kd8 {[%emt 0:04:58] Threatens to win with ...Nb6.} 16. Bg2 {[%emt 0:05:40][%mdl 1024] White has strong compensation.} Bb7 17. Qa3 ({Better is} 17. Rhe1 $18 Rc8 18. Rd2 (18. Qe4 Re8 $11)) 17... Qc4 $2 {[%emt 0:28:48][%mdl 8192] A mistake that costs the game.} (17... Rc8 $2 18. Rd2 b4 19. Qa5+ (19. Qxb4 Qb5 $14) 19... Nb6 20. Nxb6 $18) (17... Qc5 $16 {is more resistant.}) 18. Qa5+ Ke8 19. b3 Qc5 {[%emt 0:04:32] Strongly threatening ...Rc8.} 20. Nc7+ Kf8 21. Bxb7 Rb8 22. Rhe1 {[%emt 0:04:06] Active counter play!} Rxb7 (22... b4 {was necessary.} 23. Qxc5 Nxc5) 23. Nd5 b4 24. Qa4 Ne5 (24... Bd8 $2 25. Qxa6 Rb8 26. Qe2 Bxg5 27. fxg5) 25. f6 (25. fxe5 Bxg5+ 26. Kb1 Qb5 27. Qxb5 axb5 28. exd6 g6 $18) 25... gxf6 26. gxf6 {[%emt 0:00:18] Chess con chili.} ({And not} 26. fxe5 fxe5 27. Rg1 (27. Nxe7 Rc7 $11) 27... Rg8 28. Qxa6 Ra7 $11) 26... Bxf6 27. Nxf6 $40 {[%emt 0:00:13][%mdl 128] White has strong attack.} Rc7 $2 (27... Nf3) 28. Re2 Qc3 {[%emt 0:01:17] [#] ...Qa1+ is the strong threat.} 29. Kb1 {[%emt 0:00:38] Against Qa1+} ({Weaker is} 29. Qe8+ Kg7 30. Nh5+ (30. fxe5 Qa1+ 31. Kd2 Qd4+ 32. Ke1 Qg1+ 33. Kd2 Qd4+ 34. Ke1 Qg1+ 35. Kd2 Qd4+ $11) 30... Kh6 31. Rxd6+ Ng6 $16) 29... Nc4 30. bxc4 {[%emt 0:00:30][%cal Od1g1] Threatening mate with Rg1!} Qxf6 31. Qe8+ Kg7 32. Rg2+ Kh6 33. Qe3 {[%emt 0:00:15] White mates.} Qf5 34. Rxd6+ f6 {[%emt 0:00:09] [#]} 35. Rxf6+ $3 Qxf6 (35... Qg6 36. Qe5) 36. Qh3+ Qh4 37. Qxh4# {[%emt 0:00:05] Weighted Error Value: White=0.41/Black=1.03} 1-0

[Event "Warsaw Chess Open-B 2022"]
[Site "Warsaw"]
[Date "2022.07.25"]
[Round "9.2"]
[White "Kowalczyk, Adam"]
[Black "Rzeszowski, Dominik"]
[Result "1/2-1/2"]
[ECO "D15"]
[WhiteElo "1944"]
[BlackElo "1856"]
[Annotator "TA"]
[PlyCount "38"]
[EventDate "2022.07.18"]
[EventType "swiss"]
[EventCountry "POL"]
[SourceTitle "playchess.com"]
[Source "ChessBase"]
[SourceQuality "1"]
[TimeControl "40/5400+30:1800+30"]

1. d4 d5 2. Nf3 c6 3. c4 Nf6 4. Nc3 a6 5. cxd5 cxd5 6. Qb3 Nc6 {[%emt 0:09:23] D15: Slav Defence: 4 Nc3 a6 and gambit lines after 4 Nc3 dxc4.} 7. Bg5 e6 8. e3 b5 9. Bd3 Bd6 10. O-O h6 11. Bxf6 Qxf6 {[%emt 0:00:02] [#]} 12. e4 $146 ({Predecessor:} 12. a4 b4 13. Ne2 Bb7 14. Qd1 O-O 15. b3 {1-0 (15) Vasseur,O (2132)-Jacquier,L (1881) ICCF email 2017}) 12... Nxd4 13. Nxd4 Qxd4 14. Rad1 {[%emt 0:00:05][%cal Od3b5] [#] And now Bxb5+! would win.} Qb4 {[%emt 0:01:24] White should prevent ...Qxb3.} 15. Qc2 {[%emt 0:00:05][%cal Oc3d5] Nxd5! is the strong threat.} O-O 16. exd5 Bb7 17. Be4 (17. a3 $11 {keeps the balance.} Qc5 18. dxe6) 17... Bxd5 ({Black should play} 17... f5 $17 18. Bd3 exd5 19. Bxf5 {[#]} Bxh2+ $1 20. Kxh2 Qf4+ 21. Kg1 Rxf5) 18. Nxd5 exd5 19. Bxd5 Rac8 {A balanced but interesting game.  Weighted Error Value: White=0.15 (very precise) /Black=0.17 (very precise)} 1/2-1/2

[Event "Warsaw Chess Open-B 2022"]
[Site "Warsaw"]
[Date "2022.07.25"]
[Round "9.3"]
[White "Trybowska, Barbara"]
[Black "Sidorczuk, Pawel"]
[Result "1-0"]
[ECO "A45"]
[WhiteElo "1828"]
[BlackElo "1962"]
[Annotator "TA"]
[PlyCount "81"]
[EventDate "2022.07.18"]
[EventType "swiss"]
[EventCountry "POL"]
[SourceTitle "playchess.com"]
[Source "ChessBase"]
[SourceQuality "1"]
[TimeControl "40/5400+30:1800+30"]

1. d4 Nf6 2. Bf4 d6 3. Nc3 g6 4. e4 Bg7 5. Qd2 c6 6. Bh6 O-O 7. h4 e5 {[%emt 0:09:35] B07: Pirc Defence: Miscellaneous Systems.} (7... c5 $14 8. Bxg7 Kxg7) 8. Bxg7 $1 $16 Kxg7 9. h5 $1 {[%emt 0:00:17] [#]} Be6 $146 {[%emt 0:07:14] White is better.} ({Predecessor:} 9... Nxh5 10. Be2 exd4 11. Qxd4+ Qf6 12. Qd2 Qf4 13. Bxh5 Qxd2+ 14. Kxd2 gxh5 15. Rxh5 f6 {½-½ (56) Jablonicky,M (2250)-Kostolansky,S (2420) Slovakia 2019}) 10. hxg6 ({Resist} 10. d5 $6 cxd5 11. hxg6 (11. exd5 Bf5 $14) 11... fxg6 $14) 10... fxg6 11. Qh6+ ({Don't play} 11. d5 $6 cxd5 12. exd5 Bf5 $14) 11... Kg8 12. Nf3 Nbd7 13. O-O-O {[%emt 0:16:41] White is more active.} Qe7 14. Qg5 Rae8 15. Qg3 a6 16. Be2 b5 {[%emt 0:09:07] Strongly threatening ...b4.} 17. d5 (17. Ng5 $1 $16) 17... cxd5 $11 18. exd5 Bg4 19. Rh4 (19. Ng5 $5 Bxe2 20. Nxe2 $11) 19... h5 (19... b4 $11 20. Ng5 bxc3 21. Bxg4 Nxg4 22. Rxg4 cxb2+ 23. Kb1 Rf5) 20. Ng5 {[%emt 0:05:33][%cal Og5e6] aiming for Ne6!} Bxe2 (20... Nxd5 $2 21. Bxg4 Qxg5+ 22. Rd2 $18) 21. Nxe2 Ng4 22. Ne6 $36 {[%emt 0:01:32][%mdl 2048] White is in control.} Rf6 {[%emt 0:00:01][%mdl 8192] [#] This costs Black the game.} (22... Rxf2 $2 23. Rxg4 hxg4 24. Qxf2 $18) (22... Qh7 $16 {was called for.}) 23. f3 $1 $18 Ne3 {[%emt 0:00:54] [#]} 24. Rdh1 $1 {[%emt 0:01:32] Hoping for Rxh5.} Rxe6 25. dxe6 Qxe6 26. Rxh5 {[%emt 0:00:17] White wants to mate with Rh8+.} Nf8 27. Qg5 {[%emt 0:04:27] Threatens to win with Rh8+.} Nf5 28. g4 {[%emt 0:01:02] White is clearly winning.} Ng7 29. Rh8+ Kf7 30. Nc3 b4 31. Ne4 {[%emt 0:00:16] Rd1 is the strong threat.} d5 32. Nc5 Qd6 33. Nd3 Nd7 34. Rxe8 Nxe8 35. f4 e4 36. Ne5+ Nxe5 37. fxe5 Qe6 38. Rf1+ Kg8 39. Qf4 {[%emt 0:00:29] White threatens Qf8+ and mate.} Qe7 {[%emt 0:00:19] Prevents Qf8+.} 40. e6 Nc7 41. Qe5 {[%emt 0:30:57] Weighted Error Value: White=0.19 (very precise) /Black=0.53} 1-0

[Event "Warsaw Chess Open-B 2022"]
[Site "Warsaw"]
[Date "2022.07.25"]
[Round "9.4"]
[White "Posuniak, Weronika"]
[Black "Seemann, Pola"]
[Result "0-1"]
[ECO "E43"]
[WhiteElo "1895"]
[BlackElo "1738"]
[Annotator "NA RC COMBH"]
[PlyCount "62"]
[EventDate "2022.07.18"]
[EventType "swiss"]
[EventCountry "POL"]
[SourceTitle "playchess.com"]
[Source "ChessBase"]
[SourceQuality "1"]
[TimeControl "40/5400+30:1800+30"]

1. d4 Nf6 2. c4 e6 3. Nc3 Bb4 4. e3 b6 5. Be2 Bb7 6. Bf3 Bxf3 7. Qxf3 d5 8. Nge2 Bxc3+ 9. Nxc3 O-O 10. O-O Na6 11. Qe2 Qc8 12. e4 Nxe4 13. Nxe4 dxe4 14. Qxe4 c5 15. b3 cxd4 16. Qxd4 Rd8 17. Qg4 e5 18. Qg3 f6 19. Bb2 Nc5 20. Rad1 Qf5 21. Qc3 Nd3 22. Rd2 Rd7 23. h3 Nf4 24. Kh2 Rad8 25. Rxd7 Rxd7 26. c5 Rd3 27. Qc4+ Kh8 28. cxb6 Rxh3+ 29. Kg1 Qg4 30. Qe4 Qxg2+ 31. Qxg2 Ne2# 0-1

[Event "Warsaw Chess Open-B 2022"]
[Site "Warsaw"]
[Date "2022.07.25"]
[Round "9.5"]
[White "Vasynda, Oleksandr"]
[Black "Smykalo, Severyn"]
[Result "1-0"]
[ECO "A45"]
[WhiteElo "1802"]
[BlackElo "1921"]
[Annotator "TA"]
[PlyCount "97"]
[EventDate "2022.07.18"]
[EventType "swiss"]
[EventCountry "POL"]
[SourceTitle "playchess.com"]
[Source "ChessBase"]
[SourceQuality "1"]
[TimeControl "40/5400+30:1800+30"]

1. d4 Nf6 2. Bf4 c5 3. e3 Qb6 4. Nc3 a6 5. dxc5 Qxc5 (5... Qxb2 $15 6. Na4 Qa3) 6. Qd4 {[%emt 0:04:31] A45: Trompowsky Attack.} Qxd4 7. exd4 b5 {[%emt 0:00:22] [#] Inhibits Na4.} 8. Bd3 $146 {[%emt 0:06:29] The position is equal.} ({Predecessor:} 8. O-O-O Bb7 9. f3 d6 10. Bd3 Nbd7 11. Re1 Kd8 12. Nge2 g6 13. Ng3 Bg7 14. Re2 {½-½ (29) Hernandez Leon,A (2319)-Berjon Garcia,S (2066) Santa Cruz de Tenerife 2019}) 8... Bb7 9. f3 Nc6 10. Nge2 Nb4 11. Kd2 Nxd3 12. Kxd3 e6 (12... Rc8 {is interesting.} 13. Rhb1 Rg8 14. b4 g5) 13. Ne4 Nxe4 14. fxe4 Be7 15. Rhf1 O-O 16. g4 f5 17. gxf5 exf5 18. Ng3 fxe4+ 19. Nxe4 Bd5 {[%emt 0:00:14] [#] Strongly threatening ...Bc4+. This bishop pair is nice.} 20. b3 {[%emt 0:01:10] Inhibits Bc4+.} Rfc8 {[%emt 0:09:38] Inhibits c4.} (20... Rac8 $15) 21. Rae1 Bb4 {[%emt 0:01:19] Threatens to win with ...Bxe4+.} 22. Bd2 Bf8 23. Rg1 {[%emt 0:01:06] Nf6+ is the strong threat.} Kh8 24. Bf4 Rc6 25. c3 (25. Nc5 $5) 25... Rac8 26. Bd2 Bf7 27. Rgf1 Bg6 (27... Kg8 $15) 28. d5 $11 Rf6 29. Kd4 Rxf1 (29... Rb6 {feels hotter.} 30. h4 a5 31. Rh1 h5) 30. Rxf1 d6 31. Re1 h6 32. Ng3 (32. Bf4 $5 Bxe4 33. Rxe4 $14) 32... Rc7 33. Ne4 (33. Re6 $5 Bf7 34. Ne4 $11) 33... Be7 ({Black should play} 33... Rc8 $11) 34. c4 $14 bxc4 35. bxc4 Rb7 $2 {[%emt 0:01:17] [#] Prevents Bb4. This costs Black the game.} (35... Bxe4 $14 36. Rxe4 Kg8) 36. Nxd6 $1 $18 Bxd6 (36... Bf6+ $142 37. Kc5 Rb2) 37. Re6 $1 Rb6 $2 (37... Kh7) 38. Ba5 Bc5+ 39. Kxc5 Rxe6 40. dxe6 {[%emt 0:00:07][%mdl 4096] Endgame White wants to mate with Kd6. KB-KB} Kg8 41. Kd6 Kf8 42. Kd7 Be8+ 43. Kd8 {[%emt 0:00:13] White threatens Bb4+ and mate.} Ba4 44. Bb4+ Kg8 45. c5 g5 46. Kc7 {[%emt 0:00:13] White mates.} Kf8 47. c6+ Ke8 48. Kb6 Kd8 49. Kb7 {[%emt 0:00:06] Weighted Error Value: White=0.16 (very precise) /Black=0.48} 1-0